 Dungeon Sprint DCSS version 0.26-a0-846-gcc8f1ee719 (webtiles) character file.

Game seed: 13521834585690096511

1156 rocky1 the Gelid (level 8, -1/44 HPs)
             Began as a Gargoyle Ice Elementalist on Nov 20, 2020.
             Was a High Priest of Sif Muna.
             Slain by a boulder beetle (45 damage)
             ... in the Dungeon (Sprint VII: "The Pits").
             The game lasted 00:06:32 (1333 turns).

rocky1 the Gelid (Gargoyle Ice Elementalist)        Turns: 1333, Time: 00:06:33

Health: -1/44      AC:  8    Str: 11    XL:     8   Next: 39%
Magic:  0/11       EV: 12    Int: 19    God:    Sif Muna [*****.]
Gold:   0          SH:  0    Dex: 10    Spells: 0/11 levels left

rFire    . . .     SeeInvis .   m - +2 mace (protect)
rCold    . . .     Faith    .   (no shield)
rNeg     + . .     Spirit   .   a - +0 robe
rPois    ∞         Reflect  .   (no helmet)
rElec    +         Harm     .   (no cloak)
rCorr    .         Rampage  .   (no gloves)
MR       .....     NoTele   +   r - +0 pair of boots
Stlth    ++........             (no amulet)
HPRegen  0.14/turn              (no ring)
MPRegen  0.12/turn              (no ring)

@: frozen ramparts
A: negative energy resistance 1, electricity resistance, unbreathing,
petrification resistance, rot immunity, AC +5
a: Channel Magic, Forget Spell, Divine Exegesis, Renounce Religion


You were in the Dungeon.
You worshipped Sif Muna.
Sif Muna was extremely pleased with you.
You visited 1 branch

Inventory:

Hand Weapons
 l - a +2 mace
 m - a +2 mace of protection (weapon)
 s - a +2 morningstar of draining
 t - a +0 lajatang
Armour
 a - a +0 robe (worn)
 r - a +0 pair of boots (worn)
Jewellery
 n - a +3 ring of dexterity
 o - a +3 ring of intelligence
Scrolls
 h - a scroll of blinking
 i - 3 scrolls of remove curse
 j - 5 scrolls of amnesia
 k - a scroll of summoning
Potions
 b - 2 potions of invisibility
 c - 7 potions of curing
 d - 10 potions of heal wounds
 e - a potion of haste
 f - 4 potions of magic
 g - 2 potions of berserk rage
 p - a potion of might
 q - a potion of mutation


   Skills:
 + Level 1.9 Fighting
 + Level 2.4 Maces & Flails
 + Level 0.0 Armour
 + Level 1.5 Dodging
 - Level 2.1 Stealth
 - Level 1.3 Unarmed Combat
 + Level 2.0 Spellcasting
 + Level 0.0 Conjurations
 - Level 16.8 Ice Magic
 + Level 0.0 Invocations


You couldn't memorise any spells.
You knew the following spells:

 Your Spells              Type           Power        Failure   Level
a - Freeze                Ice            ####         1%          1
b - Frozen Ramparts       Ice            ######       1%          3
c - Ozocubu's Armour      Ice            ######..     1%          3
d - Hailstorm             Conj/Ice       ####....     5%          4

Your spell library contained the following spells:

 Spells                   Type           Power        Failure   Level
 Ozocubu's Refrigeration  Ice            ######....   2%          6
 Summon Ice Beast         Ice/Summ       ####....     5%          4
 Metabolic Englaciation   Hex/Ice        ####......   16%         5
 Foxfire                  Conj/Fire      #...         17%         1
 Magic Dart               Conj           #...         17%         1
 Dazzling Flash           Conj/Hex       #.....       45%         3
 Simulacrum               Ice/Necr       ####......   63%         6
 Summon Lightning Spire   Summ/Air       #.......     86%         4
 Summon Demon             Summ           #.........   99%         5
 Invisibility             Hex            #.......     100%        6
 Summon Horrible Things   Summ           #.........   100%        8


Dungeon Overview and Level Annotations

Branches:
Dungeon (1/1)

Altars:
Ashenzari
Cheibriados
Dithmenos
Elyvilon
Fedhas
Gozag
Hepliaklqana
Kikubaaqudgha
Makhleb
Nemelex Xobeh
Okawaru
Qazlal
Ru
Sif Muna
Trog
Uskayaw
Vehumet
Wu Jian
Xom
Yredelemnul
Zin
The Shining One
Beogh
Jiyva
Lugonu


Innate Abilities, Weirdness & Mutations

You are resistant to torment.
Your stone body is resilient. (AC +5)
You are immune to poison.
You resist negative energy. (rN+)
You are resistant to electric shocks. (rElec)
You can survive without breathing.
You are immune to petrification.
You are immune to rotting.


Message History

A cannonade of hail descends around you!
The hail pelts the boulder beetle but does no damage.
Casting: Hailstorm (dangerous; 5% risk of failure)
Confirm with . or Enter, or press ? or * to list all spells.
The walls around you are covered in ice.
The wall freezes the boulder beetle!
The boulder beetle curls into a ball and begins rolling!
Unknown command.
Casting: Frozen Ramparts (safe; 1% risk of failure)
Confirm with . or Enter, or press ? or * to list all spells.
A cannonade of hail descends around you!
The hail pelts the boulder beetle.
The boulder beetle is moderately wounded.
The wall freezes the black mamba.
The black mamba bites you!
The wall freezes the boulder beetle.
The wall freezes the black mamba.
The black mamba seems to slow down.
The black mamba bites you!
You feel much better.
The wall freezes the boulder beetle.
The boulder beetle hits you!!!
Ouch! That really hurt!
You die...

######++##########
.............##..#
...#..#......##..#
.............''..#
.............''.@#
...#..#......##.BS°.....
.............##..°......
'#####++################
....# ....# ....# <...#
....#


You could see a boulder beetle and a black mamba (slow).

Vanquished Creatures
  A kobold demonologist (D)
  A small abomination (D)
  A flying skull (D)
  A wolf (D)
  A phantom (D)
  4 wights (D)
  An orc priest (D)
  3 orc wizards (D)
  A gnoll shaman (D)
  An adder (D)
  5 gnolls (D)
  2 river rats (D)
  A white imp (D)
  2 oozes (D)
  A worm (D)
  5 orcs (D)
  4 jackals (D)
  A ball python (D)
  A bat (D)
  A kobold (D)
38 creatures vanquished.

Notes
Turn   | Place    | Note
-------+----------+-------------------------------------------
     0 | D        | rocky1 the Gargoyle Ice Elementalist began the quest for
                  | the Orb.
     0 | D        | Reached XP level 1. HP: 10/10 MP: 3/3
    26 | D        | Found a bloodstained altar of Trog.
    26 | D        | Found a shimmering blue altar of Sif Muna.
    26 | D        | Found a viscous altar of Jiyva.
    26 | D        | Found a hazy altar of Hepliaklqana.
    26 | D        | Found an opulent altar of Gozag.
    28 | D        | Found a glowing golden altar of the Shining One.
    28 | D        | Found a glowing silver altar of Zin.
    28 | D        | Found a basalt altar of Yredelemnul.
    28 | D        | Found a shimmering altar of Xom.
    28 | D        | Found an ornate altar of the Wu Jian Council.
    28 | D        | Found a sacrificial altar of Ru.
    28 | D        | Found a stormy altar of Qazlal.
    28 | D        | Found an iron altar of Okawaru.
    28 | D        | Found a sparkling altar of Nemelex Xobeh.
    28 | D        | Found a burning altar of Makhleb.
    28 | D        | Found a blossoming altar of Fedhas.
    28 | D        | Found a white marble altar of Elyvilon.
    28 | D        | Found a shadowy altar of Dithmenos.
    28 | D        | Found a snail-covered altar of Cheibriados.
    30 | D        | Found a radiant altar of Vehumet.
    30 | D        | Found a corrupted altar of Lugonu.
    30 | D        | Found a roughly hewn altar of Beogh.
    31 | D        | Found a hide-covered altar of Uskayaw.
    31 | D        | Found an ancient bone altar of Kikubaaqudgha.
    31 | D        | Found a broken altar of Ashenzari.
    33 | D        | Became a worshipper of Sif Muna the Loreminder
   180 | D        | Reached skill level 5 in Ice Magic
   439 | D        | Reached * piety under Sif Muna
   440 | D        | Reached XP level 2. HP: 15/15 MP: 5/5
   506 | D        | Reached ** piety under Sif Muna
   507 | D        | Reached skill level 6 in Ice Magic
   578 | D        | Reached *** piety under Sif Muna
   579 | D        | Reached skill level 7 in Ice Magic
   579 | D        | Reached XP level 3. HP: 10/19 MP: 3/6
   612 | D        | Learned a level 3 spell: Frozen Ramparts
   744 | D        | Noticed a wolf
   745 | D        | Noticed a phantom
   755 | D        | Reached skill level 8 in Ice Magic
   755 | D        | Reached XP level 4. HP: 10/24 MP: 3/7
   755 | D        | Reached **** piety under Sif Muna
   756 | D        | Reached skill level 1 in Fighting
   756 | D        | Reached skill level 9 in Ice Magic
   757 | D        | Reached skill level 1 in Maces & Flails
   757 | D        | Reached skill level 10 in Ice Magic
   757 | D        | Reached XP level 5. HP: 13/29 MP: 3/8
   762 | D        | Killed a wolf
   762 | D        | Reached ***** piety under Sif Muna
   763 | D        | Reached skill level 1 in Unarmed Combat
   763 | D        | Reached skill level 12 in Ice Magic
   763 | D        | Reached XP level 6. HP: 23/35 MP: 1/9
   764 | D        | Identified Iqeorgh's Guide on Feathery Conjuration (Sif
                  | Muna gifted it to you in the Dungeon)
   764 | D        | Received a gift from Sif Muna
   796 | D        | Killed a phantom
   797 | D        | Reached skill level 13 in Ice Magic
   972 | D        | Noticed a flying skull
   979 | D        | Killed a flying skull
   980 | D        | Reached skill level 14 in Ice Magic
   980 | D        | Reached XP level 7. HP: 39/39 MP: 5/10
   982 | D        | Noticed a kobold demonologist
   986 | D        | Killed a kobold demonologist
   987 | D        | Reached skill level 15 in Ice Magic
  1035 | D        | Learned a level 3 spell: Ozocubu's Armour
  1051 | D        | Reached XP level 8. HP: 34/44 MP: 5/11
  1052 | D        | Identified Nojewy Iphu's Reference Book on Glacial
                  | Beguiling (Sif Muna gifted it to you in the Dungeon)
  1052 | D        | Received a gift from Sif Muna
  1053 | D        | Reached skill level 16 in Ice Magic
  1192 | D        | Learned a level 4 spell: Hailstorm
  1192 | D        | Noticed a small abomination
  1197 | D        | Killed a small abomination
  1198 | D        | Identified Sif Muna's Volume of Freezing Summoning (Sif
                  | Muna gifted it to you in the Dungeon)
  1198 | D        | Received a gift from Sif Muna
  1327 | D        | Noticed a boulder beetle
  1328 | D        | Noticed a black mamba
  1333 | D        | Slain by a boulder beetle

Illustrated notes

Levels and vault maps discovered:
D:        pitsprint [storerooms_1, entrance_room_1, metal_vault_2, armoury_1,
          mini_pit_1, grid_room_1, main_hall_1, silver_pit, the_coven_3,
          the_vestibule_1, steel_vault_1, golden_pit, hallway_of_sentries,
          crystal_vault_6, iron_vault_4, final_vault]

Skill      XL: |  1  2  3  4  5  6  7  8 |
---------------+-------------------------+-----
Ice Magic      | 5 7 8 10 12 14 15 16 | 16.8
Fighting       | 1 |  1.9
Maces & Flails | 1 2 |  2.4
Unarmed Combat | 1 |  1.3
Dodging        | |  1.5
Stealth        | |  2.1
Spellcasting   | |  2.0

Action                   |  1- 3 |  4- 6 |  7- 9 || total
-------------------------+-------+-------+-------++-------
Melee: Mace              |    20 |    23 |    20 ||    63
       Unarmed           |     3 |       |       ||     3
 Cast: Freeze            |     9 |     1 |       ||    10
       Frozen Ramparts   |     1 |     3 |     4 ||     8
       Ozocubu's Armour  |       |       |     1 ||     1
       Hailstorm         |       |       |     2 ||     2
  Use: Potion            |       |     3 |     2 ||     5
 Stab: Sleeping          |     1 |       |       ||     1
Armor: Robe              |    10 |     7 |     4 ||    21
Dodge: Dodged            |    26 |    16 |     3 ||    45

Table legend: (Time is in decaauts)
 A = Elapsed time spent in this place.
 B = Non-inter-level travel time spent in this place.
 C = Inter-level travel time spent in this place.
 D = Time resting spent in this place.
 E = Time spent auto-exploring this place.
 F = Levels seen in this place.
 G = Mean time per level.
                   A        B        C        D        E       F      G
               +--------+--------+--------+--------+--------+-----+--------+
         Total |   1377 |   1377 |      0 |    879 |      0 |   1 | 1377.0 |
       Dungeon |   1377 |   1377 |      0 |    879 |      0 |   1 | 1377.0 |
               +--------+--------+--------+--------+--------+-----+--------+

Top non-repeatable levels by time:
       D: 1377 daAuts
